 Dungeon Crawl Stone Soup version 0.22-a0-433-gd2a9cce (webtiles) character file.

5629 Mgcat the Severer (level 10, -2/83 HPs)
             Began as a Minotaur Berserker on May 27, 2018.
             Was a Priest of Trog.
             Succumbed to a spiny frog's poison
             ... on level 1 of the Lair of Beasts on May 28, 2018.
             The game lasted 00:11:25 (2944 turns).

Mgcat the Severer (Minotaur Berserker)              Turns: 2944, Time: 00:11:27

Health: -2/83      AC:  7    Str: 29    XL:     10   Next: 46%
Magic:  9/9        EV: 13    Int:  4    God:    Trog [***...]
Gold:   214        SH:  0    Dex: 11    Spells: 9/9 levels left

rFire    + . .     SeeInvis .   a - +1 hand axe
rCold    . . .     Gourm    .   (no shield)
rNeg     . . .     Faith    .   g - +1 ring mail
rPois    .         Spirit   .   (helmet restricted)
rElec    .         Reflect  .   (no cloak)
rCorr    .         Harm     .   (no gloves)
MR       +....                  (no boots)
Stlth    +.........             (no amulet)
HPRegen  0.23/turn              f - ring of protection from magic {MR+, !d}
MPRegen  0.11/turn              (no ring)

@: mighty, lethally poisoned (-2 -> -35), berserk cooldown, hasted and slowed
A: retaliatory headbutt, horns 2, fire resistance 1
a: Berserk, Trog's Hand, Renounce Religion


You were on level 1 of the Lair of Beasts.
You worshipped Trog.
Trog was most pleased with you.
You were near starving.

You visited 2 branches of the dungeon, and saw 10 of its levels.

You collected 214 gold pieces.

Inventory:

Hand Weapons
 a - a +1 hand axe (weapon)
Armour
 g - a +1 ring mail (worn)
   (You found it on level 3 of the Dungeon)
 h - a +0 chain mail
   (You took it off an orc warrior on level 9 of the Dungeon)
 o - a +0 scale mail
   (You found it on level 1 of the Lair of Beasts)
Jewellery
 f - a ring of protection from magic (left hand) {MR+, !d}
   (You found it on level 1 of the Lair of Beasts)
Wands
 i - a wand of acid (6)
   (You found it on level 1 of the Lair of Beasts)
Scrolls
 e - 3 scrolls of identify
 j - 3 scrolls of remove curse
Potions
 k - a potion of brilliance
Comestibles
 c - 9 rations
 p - 6 chunks of flesh {@w0}


   Skills:
 + Level 5.9 Fighting
 + Level 16.0 Axes
 - Level 5.0 Armour
 - Level 5.2 Dodging


You had 9 spell levels left.
You didn't know any spells.
Your spell library was empty.

Dungeon Overview and Level Annotations

Branches:
Dungeon (9/15)               Lair (1/6) D:9
 Temple: D:4-7          Orc: D:9-12

Altars:
Gozag


Innate Abilities, Weirdness & Mutations

You reflexively headbutt those who attack you in melee.
You have a pair of horns on your head.
Your flesh is heat resistant. (rF+)


Message History

You start removing your armour.
You continue taking off your +0 scale mail. x3
You feel yourself speed up.
You continue taking off your +0 scale mail.
You finish taking off your +0 scale mail.
You start putting on your armour.
You continue putting on your +1 ring mail. x5
You finish putting on your +1 ring mail.
Put on which piece of jewellery? (? for menu, Esc to quit)
f - a ring of protection from magic (left hand)
You recover from your berserk rage.
You see here a quarterstaff.
A crocodile comes into view.
Unknown command.
A red film seems to cover your vision as you go berserk!
You feel yourself moving faster!
You feel mighty!
You are near starving!
You hit the crocodile. Your headbutt misses the crocodile.
The crocodile is lightly wounded.
The crocodile bites you!
You closely miss the crocodile. Your headbutt misses the crocodile.
The crocodile is lightly wounded.
You closely miss the crocodile. You headbutt the crocodile!!
The crocodile is severely wounded.
You closely miss the crocodile.
The crocodile is severely wounded.
The crocodile completely misses you. You furiously retaliate!
You headbutt the crocodile! You hit the crocodile.
You kill the crocodile!
Trog accepts your kill.
You see here a crocodile corpse.
You butcher the crocodile corpse.
You feel a strong urge to attack something.
p - 6 chunks of flesh {@w0} You see here a crocodile skeleton.
A water moccasin and a spiny frog come into view.
The water moccasin hisses angrily.
The spiny frog gives a loud, deep croak!
You hear a bellow!
You hear an angry hiss.
A wyvern comes into view.
You see here a scroll labeled MACOPP KOERAUTH.
You feel your anger nearly subside.
A yak comes into view.
You are no longer berserk.
You are exhausted.
You feel yourself slow down.
You miss the water moccasin.
You hit the spiny frog but do no damage.
The water moccasin closely misses you. The spiny frog stings you!
The water moccasin closely misses you. The spiny frog stings you!
You are poisoned.
The spiny frog poisons you! The water moccasin closely misses you.
The spiny frog stings you!
You see here a scroll labeled MACOPP KOERAUTH.
Okay, then.
As you read the scroll labeled PUEJYINNAH, it crumbles to dust.
Your +1 hand axe glows bright blue for a moment.
It was a scroll of random uselessness.
You feel sick. The water moccasin bites you!
You are more poisoned.
The water moccasin poisons you!
The spiny frog stings you but does no damage.
The water moccasin barely misses you. The spiny frog stings you!
* * * LOW HITPOINT WARNING * * *
You feel yourself speed up.
* * * LOW HITPOINT WARNING * * *
You feel very sick. The water moccasin closely misses you.
The water moccasin bites you but does no damage.
The spiny frog barely misses you.
* * * LOW HITPOINT WARNING * * *
You feel sick. The water moccasin barely misses you. You furiously retaliate!
You headbutt the water moccasin! The spiny frog misses you.
* * * LOW HITPOINT WARNING * * *
You feel sick. The water moccasin bites you.
* * * LOW HITPOINT WARNING * * *
You are more poisoned.
The water moccasin poisons you!
* * * LOW HITPOINT WARNING * * *
You feel sick.
The water moccasin bites you but does no damage.
It was a potion of mutation.
You feel extremely strange.
You feel resistant to heat.
You no longer feel heat resistant.
You feel resistant to heat.
* * * LOW HITPOINT WARNING * * *
You feel very sick. The spiny frog misses you.
The water moccasin bites you but does no damage.
It was a potion of might.
You feel very mighty all of a sudden.
* * * LOW HITPOINT WARNING * * *
You feel sick. The spiny frog misses you.
The water moccasin closely misses you. The spiny frog stings you.
* * * LOW HITPOINT WARNING * * *
You are more poisoned.
The spiny frog poisons you!
As you read the scroll of fog, it crumbles to dust.
The scroll dissolves into smoke.
You die...

#.#.#.#.### #.........##
#.#.......P# #.........##
#.#..≈##..# ##....###..# #P.#..#
#§§# ## ##.#..###§§##$#. #####
#.#..##§@§#..#.### ### #...#
#.#...§FS##..#..#.###P##
#...###.#...§§lY#..#....#....##
#....#..#....#.?.###..#.......#
####.....########..(##..#........
..#.....## #...#/.##..##...P...
........## #%...#####...........
#......#.######## #.....#.....
####...........# #....#.....#


You could see a yak, a spiny frog, a water moccasin and a wyvern.

Vanquished Creatures
  2 two-headed ogres (D:9)
  A tengu warrior (D:9)
  A spiny frog (Lair:1)
  A queen bee (D:9)
  A hornet (D:7)
  A wyvern (Lair:1)
  3 water moccasins
  2 porcupines (D:9)
  An orc warrior (D:9)
  Duvessa (D:4)
  A sky beast (D:5)
  A black bear (D:9)
  An ice beast (D:5)
  A phantom (D:7)
  2 ogres
  2 crocodiles
  A bullfrog (D:9)
  Dowan (D:4)
  A scorpion (D:9)
  20 killer bees (D:9)
  A water moccasin skeleton (D:6)
  3 crimson imps (D:7)
  A quasit (D:7)
  4 orc wizards
  An iguana (D:9)
  4 worker ants
  A worker ant zombie (D:7)
  A howler monkey skeleton (D:5)
  3 adders
  2 adder skeletons (D:7)
  A worm (D:4)
  A leopard gecko (D:7)
  12 orcs
  5 giant cockroaches
  3 hobgoblins (D:1)
  A jackal (D:4)
  3 quokkas
  3 bats
  A frilled lizard (D:2)
  A jackal zombie (D:8)
  A leopard gecko skeleton (D:7)
  2 rats (D:3)
  3 fungi (D:9)
  6 plants (D:9)
109 creatures vanquished.

Vanquished Creatures (others)
  2 fungi (D:9)
2 creatures vanquished.

Grand Total: 111 creatures vanquished

Notes
Turn   | Place    | Note
-------+----------+-------------------------------------------
     0 | D:1      | Mgcat the Minotaur Berserker began the quest for the Orb.
     0 | D:1      | Reached XP level 1. HP: 19/19 MP: 0/0
    50 | D:1      | HP: 7/28 [hobgoblin/club (7)]
    51 | D:1      | Reached skill level 4 in Axes
   287 | D:2      | Reached XP level 2. HP: 22/26 MP: 1/1
   324 | D:3      | HP: 4/26 [orc/flail (9)]
   325 | D:3      | HP: 1/26 [orc/short sword (1)]
   326 | D:3      | Reached skill level 5 in Axes
   588 | D:4      | Noticed Duvessa
   588 | D:4      | Noticed Dowan
   616 | D:3      | Reached XP level 3. HP: 31/31 MP: 2/2
   662 | D:3      | Reached ** piety under Trog
   734 | D:4      | Killed Duvessa
   734 | D:4      | Reached skill level 7 in Axes
   734 | D:4      | Reached XP level 4. HP: 39/39 MP: 3/3
   734 | D:4      | Reached XP level 5. HP: 45/45 MP: 4/4
   739 | D:4      | Killed Dowan
   795 | D:4      | Reached skill level 8 in Axes
   827 | D:4      | Reached XP level 6. HP: 42/51 MP: 5/5
   869 | D:5      | Entered Level 5 of the Dungeon
   869 | D:5      | Noticed an ice beast
   874 | D:5      | Killed an ice beast
   928 | D:5      | Reached skill level 9 in Axes
   946 | D:5      | Noticed a sky beast
   954 | D:5      | Killed a sky beast
  1015 | D:6      | Reached XP level 7. HP: 55/57 MP: 6/6
  1148 | D:7      | Found an opulent altar of Gozag.
  1181 | D:7      | Reached skill level 10 in Axes
  1182 | D:7      | Noticed a hornet
  1192 | D:7      | Killed a hornet
  1369 | D:7      | Reached skill level 11 in Axes
  1421 | D:7      | Reached XP level 8. HP: 64/64 MP: 7/7
  1572 | D:7      | Reached *** piety under Trog
  1572 | D:7      | Reached skill level 12 in Axes
  1903 | D:9      | Reached skill level 13 in Axes
  1923 | D:9      | Reached skill level 4 in Fighting
  2004 | D:9      | Reached skill level 5 in Fighting
  2043 | D:9      | Reached skill level 3 in Armour
  2048 | D:9      | Noticed a queen bee
  2050 | D:9      | Reached skill level 4 in Armour
  2050 | D:9      | Reached XP level 9. HP: 74/74 MP: 8/8
  2057 | D:9      | Reached skill level 5 in Armour
  2064 | D:9      | Killed a queen bee
  2064 | D:9      | Reached skill level 4 in Dodging
  2067 | D:9      | Reached skill level 5 in Dodging
  2126 | D:9      | Noticed a two-headed ogre
  2137 | D:9      | Killed a two-headed ogre
  2137 | D:9      | Reached skill level 14 in Axes
  2193 | D:9      | Noticed a two-headed ogre
  2204 | D:9      | Killed a two-headed ogre
  2204 | D:9      | Reached XP level 10. HP: 82/82 MP: 9/9
  2213 | D:9      | Found a staircase to the Lair.
  2224 | D:9      | HP: 18/82 [orc warrior/dire flail (17)]
  2226 | D:9      | Reached skill level 15 in Axes
  2540 | D:9      | Noticed a tengu warrior
  2557 | D:9      | Killed a tengu warrior
  2658 | Lair:1   | Entered Level 1 of the Lair of Beasts
  2770 | Lair:1   | Noticed a spiny frog
  2793 | Lair:1   | Killed a spiny frog
  2793 | Lair:1   | Reached skill level 16 in Axes
  2933 | Lair:1   | Noticed a spiny frog
  2937 | Lair:1   | HP: 20/83 [spiny frog (16)]
  2942 | Lair:1   | Gained mutation: Your flesh is heat resistant. (rF+) [potion of mutation]
  2942 | Lair:1   | Lost mutation: Your flesh is heat resistant. (rF+) [potion of mutation]
  2942 | Lair:1   | Gained mutation: Your flesh is heat resistant. (rF+) [potion of mutation]
  2942 | Lair:1   | HP: 9/83 [poisoned by a water moccasin]
  2943 | Lair:1   | HP: 1/83 [spiny frog (6)]
  2944 | Lair:1   | Succumbed to a spiny frog's poison

Vault maps used:
D:1:      matt_arrival_refuge
D:2:      okawaru_trees_2, nicolae_dithmenos_shadow_blocks,
          uniq_crazy_yiuf_cottage
D:3:      first_ration, uniq_ijyb
D:4:      temple_hall, serial_shops, nicolae_shop_waterfront, uniq_duvessa
D:5:      minmay_opposing_rooms, basic_altar
D:6:      grunt_temple_overflow_lords_of_destruction, uniq_pikel,
          uniq_blork_the_orc, uniq_menkaure
D:7:      nicolae_gozag_cash_rules_everything_around_me
D:8:      minitemple, uniq_psyche
D:9:      grunt_lair_entry_orc_guard_hut, david_nohive_1
Lair:1:   beast_lair_carwin_large_3, hangedman_lair_generics_rect,
          grunt_megastairs_5, lemuel_fruit_fields, infiniplex_staircase_pool

Skill      XL: |  1  2  3  4  5  6  7  8  9 10 |
---------------+-------------------------------+-----
Axes           | 4 5 7 8 9 11 13 14 16 | 16.0
Fighting       | 5 |  5.9
Armour         | 4 5 |  5.0
Dodging        | 5 |  5.2

Action                   |  1- 3 |  4- 6 |  7- 9 | 10-12 || total
-------------------------+-------+-------+-------+-------++-------
Melee: Hand axe          |    50 |    54 |   168 |    56 ||   328
       Headbutt          |     7 |     7 |    28 |     9 ||    51
Invok: Berserk           |     5 |     3 |    10 |     5 ||    23
       Trog's Hand       |     1 |       |     3 |     2 ||     6
Evoke: Wand              |       |       |       |     3 ||     3
  Use: Scroll            |       |       |     8 |     2 ||    10
       Potion            |       |       |       |     3 ||     3
  Eat: Chunk             |     3 |     5 |    13 |     3 ||    24
       Ration            |       |       |       |     1 ||     1
Armor: Animal skin       |     2 |       |       |       ||     2
       Ring mail         |     6 |     9 |    41 |     9 ||    65
Dodge: Dodged            |    26 |    26 |    86 |    32 ||   170

Table legend:
 A = Spawn XP
 B = Non-spawn XP
 C = Spawn XP percentage of total XP
 D = Spawn monster count
 E = Non-spawn monster count
 F = Spawn count percentage of total count
 G = Total turns spent on level
                    A         B        C        D         E        F      G
               +---------+---------+-------+---------+---------+-------+---------
         Total |       0 |    8042 |   0.0 |       0 |     100 |   0.0 |  2944
               +---------+---------+-------+---------+---------+-------+---------
           D:1 |       0 |      10 |   0.0 |       0 |       5 |   0.0 |   228
           D:2 |       0 |      15 |   0.0 |       0 |       3 |   0.0 |   305
           D:3 |       0 |      45 |   0.0 |       0 |      11 |   0.0 |   149
           D:4 |       0 |     345 |   0.0 |       0 |      10 |   0.0 |   187
           D:5 |       0 |     308 |   0.0 |       0 |       7 |   0.0 |   140
           D:6 |       0 |      67 |   0.0 |       0 |       2 |   0.0 |   116
           D:7 |       0 |    1142 |   0.0 |       0 |      20 |   0.0 |   636
           D:8 |       0 |       1 |   0.0 |       0 |       1 |   0.0 |    33
           D:9 |       0 |    5216 |   0.0 |       0 |      37 |   0.0 |   864
        Lair:1 |       0 |     893 |   0.0 |       0 |       4 |   0.0 |   286
               +---------+---------+-------+---------+---------+-------+---------

Vault maps used:
D:1:      matt_arrival_refuge
D:2:      okawaru_trees_2, nicolae_dithmenos_shadow_blocks,
          uniq_crazy_yiuf_cottage
D:3:      first_ration, uniq_ijyb
D:4:      temple_hall, serial_shops, nicolae_shop_waterfront, uniq_duvessa
D:5:      minmay_opposing_rooms, basic_altar
D:6:      grunt_temple_overflow_lords_of_destruction, uniq_pikel,
          uniq_blork_the_orc, uniq_menkaure
D:7:      nicolae_gozag_cash_rules_everything_around_me
D:8:      minitemple, uniq_psyche
D:9:      grunt_lair_entry_orc_guard_hut, david_nohive_1
Lair:1:   beast_lair_carwin_large_3, hangedman_lair_generics_rect,
          grunt_megastairs_5, lemuel_fruit_fields, infiniplex_staircase_pool

Table legend:
 A = Turns spent in this place as a percentage of turns spent in the entire game.
 B = Non-inter-level travel turns spent in this place as a percentage of non-inter-level travel turns spent in the entire game.
 C = Inter-level travel turns spent in this place as a percentage of turns spent in this place.
 D = Turns resting spent in this place as a percentage of non-inter-level travel turns spent in this place.
 E = Turns spent auto-exploring this place as a percentage of non-inter-level travel turns spent in this place.
 F = Non-inter-level travel turns spent in this place divided by the number of levels of this place that you've seen.
                   A       B       C       D       E      F
               +-------+-------+-------+-------+-------+----------------------
         Total | 100.0 | 100.0 |   1.1 |  29.3 |  36.1 | 291.2
       Dungeon |  90.3 |  90.2 |   1.2 |  32.3 |  32.7 | 291.8
          Lair |   9.7 |   9.8 |   0.0 |   2.1 |  66.4 | 286.0
               +-------+-------+-------+-------+-------+----------------------

Table legend:
 A = Kills in this place as a percentage of kills in entire the game.
 B = Kills by you in this place as a percentage of kills by you in the entire game.
 C = Kills by friends in this place as a percentage of kills by friends in the entire game.
 D = Other kills in this place as a percentage of other kills in the entire game.
 E = Experience gained in this place as a percentage of experience gained in the entire game.
 F = Experience gained in this place divided by the number of levels of this place that you have seen.
                   A       B       C       D       E      F
               +-------+-------+-------+-------+-------+----------------------
         Total | 100.0 | 100.0 |   N/A |   N/A | 100.0 | 804.2
       Dungeon |  96.0 |  96.0 |   N/A |   N/A |  88.9 | 794.3
          Lair |   4.0 |   4.0 |   N/A |   N/A |  11.1 | 893.0
               +-------+-------+-------+-------+-------+----------------------
